 Dungeon Crawl Stone Soup version 0.22-a0-259-gdd11e71 (webtiles) character file.

278588 DogShitOnMyToe the Warrior (level 20, -5/117 HPs)
             Began as a Vine Stalker Artificer on Mar 6, 2018.
             Was the Champion of Makhleb.
             Slain by a yaktaur captain (14 damage)
             ... on level 3 of the Vaults.
             The game lasted 01:30:34 (32719 turns).

DogShitOnMyToe the Warrior (VSAr)                  Turns: 32719, Time: 01:30:35

Health: -5/117     AC: 23    Str: 21    XL:     20   Next: 43%
Magic:  0/31       EV: 11    Int: 11    God:    Makhleb [******]
Gold:   532        SH: 12    Dex: 17    Spells: 19/19 levels left

rFire    + . .     SeeInvis .   i - +3 eveningstar (freeze)
rCold    . . .     Gourm    .   O - +0 shield {reflect}
rNeg     . . .     Faith    .   M - +2 crystal plate armour
rPois    .         Spirit   +   x - +2 helmet
rElec    .         Reflect  +   N - +0 cloak
rCorr    .         Harm     .   Q - +0 pair of fencer's gloves {+Riposte Dex+3}
MR       ++...                  k - +0 pair of boots
Stlth    ..........             H - amulet of regeneration
HPRegen  1.49/turn              K - ring of protection from fire
MPRegen  0.22/turn              s - +4 ring of evasion

@: lethally poisoned (-5 -> -5), marked, corroded, studying 3 skills
A: fangs 3, clumsy 2, regeneration 2, magic shield, antimagic bite, no potion
heal 3, rot immunity
}: 2/15 runes: decaying, serpentine
a: Minor Destruction, Lesser Servant of Makhleb, Major Destruction, Greater
Servant of Makhleb, Renounce Religion


You were on level 3 of the Vaults.
You worshipped Makhleb.
Makhleb was exalted by your worship.
You were not hungry.

You visited 6 branches of the dungeon, and saw 34 of its levels.
You also visited: Trove and Ossuary.

You collected 2778 gold pieces.
You spent 2246 gold pieces at shops.

Inventory:

Hand Weapons
 b - the +8 whip of Dividends {flame, rElec}
   (You found it on level 4 of the Dungeon)

   It has been specially enchanted to burn those struck by it, causing extra
   injury to most foes and up to half again as much damage against particularly
   susceptible opponents.
   It insulates you from electricity.
 i - a +3 eveningstar of freezing (weapon)
Missiles
 p - 5 throwing nets (quivered)
Armour
 k - a +0 pair of boots (worn)
 x - a +2 helmet (worn)
 M - a +2 crystal plate armour (worn)
 N - a +0 cloak (worn)
 O - a +0 shield of reflection (worn)
 Q - the +0 pair of fencer's gloves (worn) {+Riposte Dex+3}
   (You found it on level 6 of the Dungeon)

   It affects your dexterity (+3).
Jewellery
 l - an uncursed ring of poison resistance
 s - a +4 ring of evasion (right hand)
 H - an amulet of regeneration (around neck)
 K - a ring of protection from fire (left hand)
 S - an uncursed ring of protection from cold
Wands
 a - a wand of digging (11)
 c - a wand of scattershot (20)
 d - a wand of enslavement (35)
 h - a wand of flame (76)
 v - a wand of acid (20)
 z - a wand of paralysis (39)
 A - a wand of iceblast (30)
 G - a wand of polymorph (33)
 T - a wand of disintegration (22)
Scrolls
 g - 7 scrolls of teleportation
 m - a scroll of holy word
 n - 9 scrolls of fog
 o - 5 scrolls of immolation
 q - 4 scrolls of enchant armour
 r - 11 scrolls of identify
 y - 12 scrolls of remove curse
 C - 3 scrolls of vulnerability
 D - 3 scrolls of fear
 I - 2 scrolls of summoning
 P - 3 scrolls of magic mapping
Potions
 e - 2 potions of invisibility
 j - 16 potions of curing
 t - 3 potions of cancellation
 u - 4 potions of haste
 B - a potion of brilliance
 E - 6 potions of lignification
 F - a potion of resistance
 J - 2 potions of might
 L - 5 potions of flight
 R - 4 potions of ambrosia
 U - 2 potions of mutation
Books
 V - a manual of Invocations
 W - a manual of Shields
 X - a manual of Dodging
 Y - a manual of Shields
 Z - a manual of Invocations
Comestibles
 f - 62 rations


   Skills:
 - Level 17.4 Fighting
   Level 0.8 Short Blades
 - Level 16.0 Maces & Flails
 - Level 11.3 Armour
 + Level 9.5 Dodging
 - Level 1.2 Stealth
 + Level 9.6 Shields
 + Level 14.4 Invocations
 - Level 7.0 Evocations


You had 19 spell levels left.
You didn't know any spells.

Dungeon Overview and Level Annotations

Branches:
Dungeon (15/15)            Temple (0/1) D:6            Lair (6/6) D:9
  Swamp (4/4) Lair:3        Snake (4/4) Lair:2        Slime (0/5) Lair:5
    Orc (2/2) D:11            Elf (0/3) Orc:2        Vaults (3/5) D:13
  Crypt (0/3) Vaults:2     Depths (0/5) D:15

Altars:
Ashenzari
Dithmenos
Elyvilon
Makhleb
Nemelex Xobeh
Okawaru
Qazlal
Ru
Sif Muna
Uskayaw
Wu Jian
Yredelemnul
Zin
The Shining One
Beogh

Shops:
D:4 %   D:5 :   D:10 =   D:11 [   D:15 }!:(   Orc:2 %?[!:   Snake:3 *:**

Portals:
Pandemonium: Orc:2

Annotations:
D:7 exclusion: downstairs


Innate Abilities, Weirdness & Mutations

You have razor-sharp teeth.
You heal very quickly.
When hurt, damage is shared between your health and your magic reserves.
Your bite disrupts and absorbs the magic of your enemies.
Potions cannot restore your health.
You are immune to rotting.
You are very clumsy. (Dex -4)


Message History

You sock the vault warden! You freeze the vault warden.
Your bite misses the vault warden. The yaktaur captain hits you.
* * * LOW HITPOINT WARNING * * *
The vault guard closely misses you.
The entropy weaver hits you but does no damage.
You block the entropy weaver's attack.
The entropy weaver hits you but does no damage.
You block the entropy weaver's attack. You block the vault warden's attack.
Unknown command.
Unknown command.
Unknown command.
As you read the scroll of fear, it crumbles to dust.
You assume a fearsome visage.
The entropy weaver looks frightened!
The yaktaur captain resists with some effort.
The vault warden looks frightened!
The ironheart preserver easily resists.
The vault sentinel looks frightened!
The vault guard looks frightened! x2
The ironbrand convoker resists with some effort.
You block the ironheart preserver's attack.
The yaktaur captain hits you!
You die...

#.....# #.....# #.....#
#.....# #.....#
#.....###
############))......
#.ap.......#.[......
#pp@.((.[..+))......
#...+.ppc)=....#....(..(
.#.##.p........#........
#..........#########
#..........#
######+##### ####.####
#≈≈≈.≈≈≈# #≈≈....≈#


You could see an ironheart preserver, a vault warden (fleeing), a yaktaur
captain, 2 vault guards, an entropy weaver (fleeing), a vault sentinel (fleeing)
and an ironbrand convoker.

Vanquished Creatures
  4 thorn hunters
  Kirke (Lair:6)
  A revenant (Vaults:2)
  14 nagarajas
  4 vault wardens (Vaults:1)
  The ghost of garbled the Brawler, an adept VSTm of Wu Jian (Snake:4)
  4 ironheart preservers
  3 stone giants
  A vampire knight (Vaults:2)
  An entropy weaver (Vaults:1)
  Azrael (Snake:1)
  2 dire elephants (Lair:6)
  An ettin (Vaults:2)
  The ghost of garbled the Frost Mage, a journeyman DEIE of Sif Muna (Lair:5)
  6 ogre magi
  A vault guard (Vaults:1)
  Josephine (Lair:4)
  2 yaktaur captains (Vaults:2)
  23 hydras
  10 naga warriors
  An ice dragon (Vaults:1)
  A rakshasa (Vaults:2)
  A ghost crab (Swamp:2)
  9 centaur warriors
  A catoblepas (D:15)
  An anaconda (shapeshifter) (Vaults:2)
  25 anacondas
  23 two-headed ogres
  A tengu warrior (D:15)
  2 vampire magi (Vaults:2)
  9 alligators
  8 death yaks (Lair:6)
  3 orc high priests (Orc:2)
  10 shock serpents
  Nergalle (Lair:1)
  7 naga sharpshooters
  A sun demon (Orc:2)
  A sixfirhy (Orc:2)
  4 salamander mystics
  6 deep trolls (Vaults:3)
  10 swamp dragons
  A spriggan druid (Swamp:3)
  5 sea snakes (Snake:2)
  10 naga ritualists
  A deep troll (shapeshifter) (Vaults:1)
  4 wizards
  2 glowing orange brains (Vaults:2)
  4 unseen horrors
  A flayed ghost (Vaults:1)
  A gelid demonspawn (Orc:2)
  An infernal demonspawn (Orc:2)
  A shambling mangrove (Swamp:3)
  Pikel (D:6)
  5 lindwurms
  4 ironbrand convokers
  7 orc knights
  3 harpies (Vaults:1)
  A deep elf mage (D:14)
  3 necromancers
  A wolf spider (Vaults:2)
  A wolf spider zombie (Vaults:1)
  8 orc sorcerers (Orc:2)
  7 mana vipers
  9 salamanders
  5 manticores
  2 cyclopes
  23 ugly things
  Maurice (Orc:1)
  17 naga magi
  Joseph (D:7)
  11 guardian serpents
  2 elephants (Lair:6)
  4 vault sentinels
  A torpor snail (Lair:6)
  39 black mambas
  3 centaur skeletons
  The ghost of lordlovebone the Chopper, a novice DsWn of Qazlal (D:6)
  A rime drake (shapeshifter) (Vaults:1)
  20 spiny frogs
  3 rime drakes
  8 komodo dragons
  11 yaktaurs
  A hellwing (Orc:2)
  An ice devil (Orc:2)
  7 trolls
  A polar bear (shapeshifter) (D:13)
  A red devil (Orc:2)
  11 polar bears
  5 tyrant leeches
  10 hornets
  A wind drake (shapeshifter) (Vaults:1)
  8 hippogriffs
  3 raiju (Lair:6)
  22 slime creatures
  15 dream sheep
  11 blink frogs
  4 bog bodies
  6 wraiths
  2 shadows
  A vampire (D:13)
  3 spriggans
  A tarantella (Vaults:1)
  3 wyverns
  2 water elementals (D:15)
  24 yaks
  3 hogs (Lair:6)
  A human (D:11)
  2 basilisks
  3 fire elementals (Snake:1)
  A steam dragon (Lair:3)
  A hungry ghost (D:15)
  Grum (D:8)
  A yaktaur simulacrum (Vaults:1)
  25 vampire mosquitoes
  9 wargs
  16 swamp worms
  37 nagas
  24 water moccasins
  10 insubstantial wisps
  7 porcupines
  17 hell hounds
  2 acid dragons
  32 orc warriors
  11 swamp drakes
  An ice beast (Vaults:3)
  An ice beast (shapeshifter) (D:13)
  6 sky beasts
  An eye of draining (shapeshifter) (Vaults:1)
  A hornet zombie (D:15)
  An eye of draining (D:13)
  13 black bears
  26 ogres
  2 phantoms
  An ettin simulacrum (Vaults:1)
  A necrophage (D:6)
  22 wolves
  18 centaurs
  12 crocodiles
  2 big kobolds
  17 bullfrogs
  A deep troll simulacrum (Vaults:1)
  A wyvern skeleton (D:15)
  14 scorpions
  The ghost of varamyr the Skirmisher, a weakling MiBe of Trog (D:4)
  2 wights (D:10)
  11 killer bees
  A howler monkey (D:5)
  3 electric eels
  6 crimson imps
  12 centaur zombies
  2 quasits
  2 bullfrog zombies
  5 human zombies
  5 jellies
  32 orc priests
  8 hounds
  Jessica (D:3)
  4 human skeletons
  5 iguanas
  Ijyb (D:5)
  Natasha (D:2)
  19 orc wizards
  6 worker ants
  2 big kobold zombies (Ossuary)
  A hound skeleton (D:7)
  7 mummies
  3 worker ant zombies
  A howler monkey skeleton (D:6)
  Robin (D:2)
  3 gnolls (D:5)
  22 adders
  2 scorpion zombies (Ossuary)
  3 shadow imps
  2 white imps (Vaults:3)
  2 oozes
  4 adder skeletons
  A worm (shapeshifter) (D:13)
  2 worms
  3 leopard geckos (D:2)
  80 orcs
  4 bats
  6 giant cockroaches
  10 goblins
  9 hobgoblins
  10 jackals
  14 kobolds
  4 quokkas
  3 ball pythons
  6 frilled lizards
  3 gnoll zombies (Ossuary)
  A goblin zombie (Ossuary)
  A jackal zombie (D:8)
  3 kobold zombies (Ossuary)
  A leopard gecko skeleton (D:4)
  An orc skeleton (D:10)
  4 orc zombies
  A quokka skeleton (D:4)
  7 rats
  2 briar patches (Swamp:1)
  A fungus (Lair:2)
  8 plants
1293 creatures vanquished.

Vanquished Creatures (collateral kills)
  Nikola (Swamp:3)
  2 hydras
  A catoblepas (Lair:6)
  A spriggan druid (Swamp:3)
  A naga ritualist (Snake:4)
  A rust devil (Orc:2)
  4 dream sheep
  A wraith (Lair:4)
  A basilisk (Lair:2)
  2 swamp worms (Swamp:3)
  A porcupine (Lair:4)
  An orc warrior (Orc:2)
  A centaur (Lair:2)
  A bullfrog (Lair:5)
19 creatures vanquished.

Vanquished Creatures (others)
  A stone giant (Vaults:2)
  An alligator (Swamp:2)
  2 spriggans (Swamp:3)
  An orc knight (Vaults:2)
  A black mamba (Snake:4)
  A spiny frog (Swamp:3)
  3 hornets
  A water elemental (D:13)
  A swamp worm (Swamp:2)
  An acid dragon (Vaults:1)
  A naga (Snake:3)
  A centaur (D:14)
  2 electric eels (D:13)
  A howler monkey (D:6)
  An orc priest (Orc:2)
  A jelly (D:13)
  An orc (Orc:1)
  A jackal (D:4)
  9 briar patches
  12 fungi
  20 plants
63 creatures vanquished.

Grand Total: 1375 creatures vanquished

Notes
Turn   | Place    | Note
-------+----------+-------------------------------------------
     0 | D:1      | DogShitOnMyToe the Vine Stalker Artificer began the quest for the Orb.
     0 | D:1      | Reached XP level 1. HP: 9/9 MP: 3/3
    11 | D:1      | Reached skill level 1 in Fighting
   259 | D:1      | Reached XP level 2. HP: 15/15 MP: 5/5
   286 | D:1      | Reached skill level 2 in Fighting
   905 | D:2      | HP: 8/16 [poisoned by an adder]
   913 | D:1      | HP: 7/16 [poisoned by an adder]
  1126 | D:2      | Reached XP level 3. HP: 16/19 MP: 6/6
  1175 | D:2      | Found a hide-covered altar of Uskayaw.
  1177 | D:2      | Found a stormy altar of Qazlal.
  1359 | D:2      | HP: 9/19 [adder (1)]
  1362 | D:2      | Reached skill level 3 in Fighting
  1547 | D:2      | Found a faded altar of an unknown god.
  1573 | D:2      | Found a burning altar of Makhleb.
  1573 | D:2      | Noticed an Executioner
  1657 | D:2      | Noticed a neqoxec
  1657 | D:2      | Noticed an orange demon
  1659 | D:2      | Became a worshipper of Makhleb the Destroyer
  1702 | D:2      | Noticed Robin
  1710 | D:2      | Gained mutation: Your natural rate of healing is unusually fast. [Vine Stalker growth]
  1710 | D:2      | Reached XP level 4. HP: 22/24 MP: 5/7
  1727 | D:2      | Killed Robin
  1810 | D:2      | Noticed Natasha
  1821 | D:2      | Killed Natasha
  1821 | D:2      | Reached skill level 4 in Fighting
  1932 | D:3      | Reached XP level 5. HP: 19/29 MP: 5/8
  1954 | D:3      | HP: 14/29 [adder (4)]
  1955 | D:3      | Reached * piety under Makhleb
  2040 | D:3      | Noticed Jessica
  2071 | D:3      | Killed Jessica
  2271 | D:3      | Reached skill level 5 in Fighting
  2279 | D:3      | Found a shattered altar of Ashenzari.
  2666 | D:4      | Reached skill level 1 in Invocations
  2666 | D:4      | Reached XP level 6. HP: 27/35 MP: 6/9
  2805 | D:4      | Found a sacrificial altar of Ru.
  2941 | D:4      | Noticed varamyr's ghost (weakling MiBe)
  2941 | D:4      | varamyr's ghost turns its malevolent gaze towards you.
  2956 | D:4      | HP: 17/35 [poisoned by a worker ant]
  2961 | D:4      | HP: 11/35 [poisoned by a worker ant]
  2966 | D:4      | HP: 11/35 [poisoned by a worker ant]
  2973 | D:4      | HP: 8/35 [poisoned by a worker ant]
  2975 | D:4      | Reached ** piety under Makhleb
  2975 | D:4      | HP: 2/35 [varamyr's ghost (4)]
  2981 | D:4      | HP: 3/35 [poisoned by a worker ant]
  3061 | D:4      | Killed varamyr's ghost
  3061 | D:4      | Reached skill level 2 in Invocations
  3154 | D:4      | Found Giej's Food Shoppe.
  3448 | D:4      | Identified a book of Minor Magic
  3499 | D:4      | Reached XP level 7. HP: 39/39 MP: 6/10
  3571 | D:4      | Reached skill level 3 in Invocations
  3618 | D:4      | Got a brightly glowing whip
  3619 | D:4      | Identified the +8 whip of Dividends {flame, rElec} (You found it on level 4 of the Dungeon)
  4013 | D:3      | Found a glowing golden altar of the Shining One.
  4075 | D:5      | Entered Level 5 of the Dungeon
  4154 | D:5      | Reached skill level 1 in Maces & Flails
  4183 | D:5      | Reached skill level 6 in Fighting
  4233 | D:5      | Noticed Ijyb
  4241 | D:5      | Killed Ijyb
  4241 | D:5      | Reached skill level 2 in Maces & Flails
  4412 | D:5      | Gained mutation: You have razor-sharp teeth. [Vine Stalker growth]
  4412 | D:5      | Reached XP level 8. HP: 44/44 MP: 11/11
  4416 | D:5      | Found a sparkling altar of Nemelex Xobeh.
  4445 | D:5      | Found Meohetil's Book Shoppe.
  4506 | D:5      | Reached skill level 3 in Maces & Flails
  4506 | D:5      | Reached skill level 4 in Invocations
  4945 | D:6      | Noticed lordlovebone's ghost (novice DsWn)
  4945 | D:6      | lordlovebone's ghost turns its malevolent gaze towards you.
  4945 | D:6      | Reached skill level 4 in Maces & Flails
  5025 | D:6      | Killed lordlovebone's ghost
  5051 | D:6      | Reached skill level 5 in Maces & Flails
  5051 | D:6      | Reached skill level 5 in Invocations
  5088 | D:6      | Reached skill level 7 in Fighting
  5090 | D:6      | Noticed Pikel
  5112 | D:6      | Reached XP level 9. HP: 50/50 MP: 13/13
  5121 | D:6      | Killed Pikel
  5121 | D:6      | Reached skill level 6 in Maces & Flails
  5165 | D:6      | Found the +0 pair of fencer's gloves {+Riposte Dex+3}
  5260 | D:6      | Reached *** piety under Makhleb
  5323 | D:6      | Identified a book of Maledictions
  5479 | D:6      | Found a staircase to the Ecumenical Temple.
  5638 | D:7      | Noticed Joseph
  5660 | D:7      | Killed Joseph
  5660 | D:7      | Reached skill level 6 in Invocations
  5873 | D:7      | Identified a book of Flames
  5946 | D:7      | Found a sand-covered staircase.
  5954 | Ossuary  | Entered an ossuary
  5988 | Ossuary  | Reached skill level 7 in Maces & Flails
  6094 | Ossuary  | Reached skill level 8 in Fighting
  6094 | Ossuary  | Reached XP level 10. HP: 53/56 MP: 13/15
  6109 | Ossuary  | Reached **** piety under Makhleb
  6837 | D:8      | Reached skill level 8 in Maces & Flails
  6936 | D:8      | Reached skill level 7 in Invocations
  7115 | D:8      | Noticed Grum
  7128 | D:8      | HP: 15/56 [Grum/glaive of venom (14)]
  7129 | D:8      | HP: 6/56 [Grum/glaive of venom (10)]
  7326 | D:8      | Found a shattered altar of Ashenzari.
  7458 | D:8      | Killed Grum
  7484 | D:8      | Found an iron altar of Okawaru.
  7716 | D:9      | Identified a book of Enchantments
  7804 | D:9      | Found a staircase to the Lair.
  8034 | D:9      | Found a deep blue altar of Sif Muna.
  8034 | D:9      | Found an ornate altar of the Wu Jian Council.
  8034 | D:9      | Found a white marble altar of Elyvilon.
  8201 | D:10     | Entered Level 10 of the Dungeon
  8319 | D:10     | Reached skill level 1 in Shields
  8344 | D:10     | Reached skill level 9 in Maces & Flails
  8384 | D:10     | Reached skill level 2 in Shields
  8447 | D:10     | Found an ornate altar of the Wu Jian Council.
  8612 | D:10     | Found Loukkeg's Jewellery Shoppe.
  8699 | D:10     | Reached ***** piety under Makhleb
  8810 | D:10     | Reached XP level 11. HP: 60/60 MP: 17/17
  8830 | D:10     | Found a basalt altar of Yredelemnul.
  8865 | D:10     | Reached skill level 3 in Shields
  9072 | Lair:1   | Entered Level 1 of the Lair of Beasts
  9109 | Lair:1   | Reached skill level 9 in Fighting
  9115 | Lair:1   | Reached skill level 8 in Invocations
  9362 | Lair:1   | Noticed Nergalle
  9371 | Lair:1   | Killed Nergalle
  9373 | Lair:1   | Reached skill level 4 in Shields
  9403 | Lair:1   | Reached skill level 10 in Maces & Flails
  9924 | Lair:2   | Found a staircase to the Snake Pit.
 10248 | Lair:2   | Found a glowing silver altar of Zin.
 10401 | Lair:2   | Noticed an eight-headed hydra
 10409 | Lair:2   | Killed an eight-headed hydra
 10409 | Lair:2   | Reached skill level 11 in Maces & Flails
 10729 | Lair:3   | Reached skill level 10 in Fighting
 10788 | Lair:3   | Found a staircase to the Swamp.
 10796 | Lair:3   | Gained mutation: You heal very quickly. [Vine Stalker growth]
 10796 | Lair:3   | Reached XP level 12. HP: 63/67 MP: 19/19
 10806 | Lair:3   | Got a flickering wooden ring
 11514 | Lair:4   | Found the +27 Lear's hauberk
 11925 | Lair:4   | Noticed Josephine
 11956 | Lair:4   | Killed Josephine
 12025 | Lair:4   | Reached skill level 12 in Maces & Flails
 12350 | Lair:5   | Reached skill level 11 in Fighting
 12355 | Lair:5   | Reached skill level 9 in Invocations
 12529 | Lair:5   | Found a staircase to the Slime Pits.
 12533 | Lair:5   | Reached XP level 13. HP: 74/74 MP: 21/21
 12554 | Lair:5   | Reached skill level 12 in Fighting
 12703 | Lair:5   | Noticed garbled's ghost (journeyman DEIE)
 12703 | Lair:5   | garbled's ghost turns its malevolent gaze towards you.
 12704 | Lair:5   | Identified the ring "Cuawuomn" {Wiz -Tele +Inv Str+2 Dex+3} (You found it on level 3 of the Lair of Beasts)
 12718 | Lair:5   | Reached ****** piety under Makhleb
 12718 | Lair:5   | Reached skill level 10 in Invocations
 12763 | Lair:5   | Killed garbled's ghost
 13164 | Lair:6   | Entered Level 6 of the Lair of Beasts
 13172 | Lair:6   | Reached skill level 2 in Dodging
 13181 | Lair:6   | Reached skill level 1 in Armour
 13213 | Lair:6   | Reached skill level 2 in Armour
 13246 | Lair:6   | Reached skill level 3 in Dodging
 13444 | Lair:6   | Reached skill level 3 in Armour
 13518 | Lair:6   | Reached skill level 13 in Fighting
 13528 | Lair:6   | Reached skill level 4 in Dodging
 13811 | Lair:6   | Reached XP level 14. HP: 82/82 MP: 23/23
 13863 | Lair:6   | Reached skill level 4 in Armour
 14015 | Lair:6   | Noticed a dire elephant
 14040 | Lair:6   | Killed a dire elephant
 14040 | Lair:6   | Reached skill level 5 in Dodging
 14506 | Lair:6   | Reached skill level 5 in Armour
 14509 | Lair:6   | Reached skill level 11 in Invocations
 14568 | Lair:6   | Noticed Kirke
 14578 | Lair:6   | HP: 34/82 [death yak (10)]
 14583 | Lair:6   | HP: 24/82 [death yak (6)]
 14672 | Lair:6   | Killed Kirke
 14744 | Lair:6   | Noticed a dire elephant
 14789 | Lair:6   | Killed a dire elephant
 14789 | Lair:6   | Reached skill level 6 in Dodging
 14819 | Lair:6   | Identified a book of Beasts
 15101 | D:11     | Noticed Sonja
 15102 | D:11     | Noticed Sonja
 15102 | D:11     | Sonja changed into Sonja the human
 15113 | D:11     | Killed Sonja the human
 15120 | D:11     | Identified a book of Misfortune
 15346 | D:11     | Reached skill level 3 in Evocations
 15402 | D:11     | Reached skill level 6 in Armour
 15418 | D:11     | Found a staircase to the Orcish Mines.
 15650 | D:11     | Found Neockol's Armour Shop.
 16332 | D:12     | Reached XP level 15. HP: 87/87 MP: 24/24
 16689 | Orc:1    | Entered Level 1 of the Orcish Mines
 16778 | Orc:2    | Entered Level 2 of the Orcish Mines
 16900 | Orc:2    | Reached skill level 14 in Fighting
 16964 | Orc:1    | Found a roughly hewn altar of Beogh.
 16985 | Orc:1    | Killed Maurice
 16985 | Orc:1    | Reached skill level 4 in Evocations
 17448 | Orc:2    | Found Sykhlousm's Food Emporium.
 17583 | Orc:2    | Found Zaaleost's Magic Scroll Emporium.
 17586 | Orc:2    | Found Miph's Distillery.
 17655 | Orc:2    | HP: 44/88 [orc warrior/enchanted glaive (10)]
 17731 | Orc:2    | HP: 42/88 [sun demon (11)]
 17736 | Orc:2    | HP: 24/88 [sun demon (10)]
 17797 | Orc:2    | Bought a scroll of blinking for 112 gold pieces
 17797 | Orc:2    | Bought a scroll of summoning for 142 gold pieces
 18164 | Orc:2    | HP: 42/88 [orc knight/long sword (16)]
 18169 | Orc:2    | HP: 12/88 [orc knight/long sword (18)]
 18299 | Orc:2    | Found a staircase to the Elven Halls.
 18409 | Orc:2    | Reached skill level 7 in Armour
 18409 | Orc:2    | Reached skill level 5 in Evocations
 18411 | Orc:2    | Gained mutation: You are clumsy. (Dex -2) [a neqoxec]
 18413 | Orc:2    | Gained mutation: You are very clumsy. (Dex -4) [a neqoxec]
 18420 | Orc:2    | HP: 44/88 [ice devil (10)]
 18425 | Orc:2    | HP: 34/88 [ice devil (2)]
 18664 | Orc:2    | Found Nufe Uwa's Book Boutique.
 18664 | Orc:2    | Found Ebeosaok's Antique Armour Shop.
 18664 | Orc:2    | Found a one-way gate leading to the halls of Pandemonium.
 18668 | Orc:2    | Bought a tiger eye-encrusted plate armour for 924 gold pieces
 18678 | Orc:2    | Identified the +1 plate armour of the Kangaroo {rElec rF- Dex+4 Slay+5} (You bought it in a shop on level 2 of the Orcish Mines)
 18680 | Orc:2    | Bought a runed shield for 247 gold pieces
 18793 | Orc:2    | Bought a potion of haste for 140 gold pieces
 18793 | Orc:2    | Bought a potion of haste for 140 gold pieces
 18793 | Orc:2    | Bought a potion of mutation for 112 gold pieces
 18795 | Orc:2    | Bought a scroll of identify for 30 gold pieces
 18795 | Orc:2    | Bought 2 scrolls of identify for 60 gold pieces
 19067 | D:13     | HP: 44/88 [eight-headed hydra (7)]
 19275 | D:13     | Found a portal to a secret trove of treasure.
 19396 | D:13     | Found a gate to the Vaults.
 19472 | D:13     | Identified a book of Callings
 19717 | D:13     | Reached skill level 6 in Evocations
 19861 | D:14     | Found a sacrificial altar of Ru.
 20000 | D:14     | Found the +6 shillelagh "Devastator" {shatter}
 20140 | D:14     | Reached skill level 12 in Invocations
 20147 | D:14     | Reached XP level 16. HP: 81/93 MP: 23/26
 20163 | D:14     | HP: 38/93 [stone giant (20)]
 20167 | D:14     | Reached skill level 5 in Shields
 20298 | D:14     | Reached skill level 7 in Evocations
 20617 | D:15     | Entered Level 15 of the Dungeon
 20672 | D:15     | Reached skill level 15 in Fighting
 20765 | D:15     | Found Cepninir's Antique Weapon Boutique.
 20826 | D:15     | Found Ydwi's Book Shoppe.
 20960 | D:15     | Found Pachuny's Gadget Shoppe.
 21079 | D:15     | Found Bozuatz's Distillery.
 21210 | D:15     | Found a staircase to the Depths.
 21377 | D:15     | Identified a scroll of acquirement
 21613 | Swamp:1  | Entered Level 1 of the Swamp
 21707 | Swamp:1  | HP: 47/95 [tyrant leech (8)]
 21783 | Swamp:1  | Noticed a thorn hunter
 21800 | Swamp:1  | HP: 43/95 [thorn hunter/volley of thorns (8)]
 21802 | Swamp:1  | HP: 11/95 [thorn hunter/volley of thorns (36)]
 21944 | Swamp:1  | Killed a thorn hunter
 21944 | Swamp:1  | Reached skill level 13 in Maces & Flails
 23088 | Swamp:3  | Noticed Nikola
 23096 | Swamp:3  | HP: 47/95 [spriggan rider/spear (10)]
 23097 | Swamp:3  | Reached skill level 14 in Maces & Flails
 23098 | Swamp:3  | HP: 21/95 [Nikola/chain lightning (7)]
 23117 | Swamp:3  | Killed Nikola
 23181 | Swamp:3  | Reached XP level 17. HP: 99/99 MP: 25/27
 23544 | Swamp:3  | Identified a book of Debilitation
 23742 | Swamp:4  | Entered Level 4 of the Swamp
 23760 | Swamp:4  | HP: 39/99 [thorn hunter/volley of thorns (13)]
 23766 | Swamp:4  | HP: 47/99 [tyrant leech (9)]
 23771 | Swamp:3  | HP: 27/99 [poisoned by a swamp dragon (blast of poison)]
 23919 | Swamp:4  | Reached skill level 15 in Maces & Flails
 24148 | Swamp:4  | Got a decaying rune of Zot
 24157 | Swamp:4  | HP: 49/99 [thorn hunter (6)]
 24159 | Swamp:4  | Reached skill level 16 in Maces & Flails
 24686 | Snake:1  | Entered Level 1 of the Snake Pit
 24898 | Snake:1  | Found a shadowy altar of Dithmenos.
 24976 | Snake:1  | Noticed Azrael
 24992 | Snake:1  | Killed Azrael
 25101 | Snake:1  | Reached skill level 7 in Dodging
 25135 | Snake:1  | Reached skill level 6 in Shields
 25667 | Snake:2  | Reached XP level 18. HP: 99/104 MP: 22/28
 25743 | Snake:2  | Reached skill level 8 in Armour
 25785 | Snake:2  | HP: 50/105 [shock serpent/electric aura (5)]
 25799 | Snake:2  | HP: 47/105 [shock serpent/bolt of electricity (13)]
 25806 | Snake:2  | HP: 52/105 [naga mage/spear (2)]
 25814 | Snake:2  | Reached skill level 13 in Invocations
 26639 | Snake:3  | HP: 50/105 [shock serpent/electric aura (3)]
 26644 | Snake:3  | HP: 51/105 [naga/long sword (3)]
 26759 | Snake:3  | HP: 51/105 [shock serpent/bolt of electricity (11)]
 27106 | Snake:3  | Found Xaesac's General Store.
 27106 | Snake:3  | Found Rijynaiz's Book Shoppe.
 27107 | Snake:3  | Found Lixkaes's Assorted Antiques.
 27111 | Snake:3  | Found Natuggyrph's Assorted Antiques.
 27123 | Snake:3  | Bought a scroll of blinking for 135 gold pieces
 27357 | Snake:4  | Entered Level 4 of the Snake Pit
 27403 | Snake:4  | Reached skill level 16 in Fighting
 27462 | Snake:4  | HP: 52/105 [black mamba (3)]
 27468 | Snake:4  | HP: 40/105 [naga/short sword of draining (2)]
 27563 | Snake:4  | Reached skill level 7 in Shields
 27565 | Snake:4  | Noticed garbled's ghost (adept VSTm)
 27577 | Snake:4  | HP: 47/105 [shock serpent (10)]
 27583 | Snake:4  | HP: 33/105 [nagaraja/enchanted flail (4)]
 27588 | Snake:4  | HP: 23/105 [anaconda (5)]
 27589 | Snake:4  | Reached skill level 9 in Armour
 27878 | Snake:4  | HP: 51/105 [nagaraja/whip of electrocution (14)]
 27883 | Snake:4  | HP: 50/105 [nagaraja/whip of electrocution (1)]
 27888 | Snake:4  | HP: 42/105 [poisoned by a nagaraja (splash of poison)]
 27894 | Snake:4  | HP: 48/105 [poisoned by a nagaraja (splash of poison)]
 27899 | Snake:4  | HP: 49/105 [guardian serpent (4)]
 28196 | Snake:4  | Reached skill level 8 in Dodging
 28206 | Snake:4  | Reached XP level 19. HP: 109/109 MP: 27/30
 28221 | Snake:4  | HP: 44/109 [naga warrior/enchanted glaive (13)]
 28240 | Snake:4  | HP: 54/109 [naga warrior/enchanted glaive (8)]
 28245 | Snake:4  | HP: 39/109 [naga warrior/enchanted glaive (3)]
 28250 | Snake:4  | HP: 51/109 [anaconda (4)]
 28256 | Snake:4  | HP: 51/109 [poisoned by a naga warrior (splash of poison)]
 28296 | Snake:4  | Reached skill level 14 in Invocations
 28313 | Snake:4  | garbled's ghost turns its malevolent gaze towards you.
 28331 | Snake:4  | Got a serpentine rune of Zot
 28597 | Snake:4  | HP: 52/111 [anaconda (8)]
 28611 | Snake:4  | Reached skill level 10 in Armour
 28659 | Snake:4  | Killed garbled's ghost
 29137 | Vaults:1 | Entered Level 1 of the Vaults
 29208 | Vaults:1 | HP: 40/111 [vault warden/great mace (36)]
 29259 | Vaults:1 | Reached skill level 8 in Shields
 29657 | Vaults:1 | Reached skill level 9 in Dodging
 30247 | Vaults:1 | Reached skill level 17 in Fighting
 30828 | Vaults:2 | Reached XP level 20. HP: 117/117 MP: 28/31
 30879 | Vaults:2 | HP: 58/117 [vampire knight/dire flail (1)]
 30882 | Vaults:2 | HP: 20/117 [vampire knight/dire flail (10)]
 30888 | Vaults:2 | HP: 36/117 [revenant] (4)]
 30893 | Vaults:2 | HP: 36/117 [spectral yaktaur captain[a revenant] (1)]
 30895 | Vaults:2 | Reached skill level 11 in Armour
 30945 | Vaults:2 | Found a staircase to the Crypt.
 31691 | Vaults:2 | Reached skill level 9 in Shields
 32270 | D:15     | Bought 2 potions of agility for 136 gold pieces
 32270 | D:15     | Bought a potion of agility for 68 gold pieces
 32356 | D:13     | You paid a toll of 9 potions of agility to enter a treasure trove
 32357 | Trove    | Entered a treasure trove
 32417 | Trove    | Identified Jyunoj's Grimoire of Nocuous Changing
 32424 | Trove    | Identified Sif Muna's Guide on the Helpful Frostbite
 32427 | Trove    | Identified Lafafix's Collected Works on Moulding
 32712 | Vaults:3 | HP: 50/117 [vault warden/uncursed battleaxe of flaming (11)]
 32716 | Vaults:3 | HP: 17/117 [yaktaur captain (9)]
 32718 | Vaults:3 | HP: 8/117 [yaktaur captain (3)]
 32719 | Vaults:3 | Slain by a yaktaur captain

Vault maps used:
D:1:      grunt_arrival_crossed_arrows
D:2:      grunt_temple_overflow_open, makhleb_altar_promises_db,
          chequers_ecumenical_altar_simple, minmay_misc_feat_cross, uniq_robin,
          uniq_natasha
D:3:      lemuel_upstairs_altar, ashenzari_conservatory_becter, st_stairs_14,
          uniq_jessica
D:4:      lemuel_coloured_pillars_altar, serial_shops,
          nicolae_shop_window_shopping
D:5:      lemuel_crystal_altar, serial_shops, kennysheep_mini_moat,
          first_ration, uniq_ijyb
D:6:      minmay_temple_entry_trees, corexii_item_surrounded_by_moat, uniq_pikel
D:7:      gup_ossuary_entry_pyramid, uniq_joseph
D:8:      lemuel_doored_altar, ashenzari_altar_1, uniq_grum
D:9:      gammafunk_temple_overflow_claw, dpeg_oklobed_lair, billiards_dpeg
D:10:     basic_altar, serial_shops, shop, grunt_ogre_cave,
          minmay_misc_feat_more_columns, lemuel_mausoleum_altar_yredelemnul
D:11:     erik_orc_1, serial_shops, kennysheep_mini, minmay_statues_item,
          uniq_sonja
D:12:     dk_noncrumbling_4, st_stairs_4
D:13:     david_vaults_2, enter_trove_2, lemuel_freeze_loot_1
D:14:     minmay_roctagon, serial_park_tiny_1, nicolae_ru_awakened_eye
D:15:     grunt_enter_depths_magical_seal, serial_shops, shop_fountains,
          shop_fountains, shop, nicolae_shop_stone, grunt_ministairs_14,
          serial_bayou_lagoon_a
Lair:1:   uniq_nergalle
Lair:2:   minmay_snake_entry_six_corridors, minmay_holes, lemuel_centaur_altar,
          infiniplex_staircase_pool
Lair:3:   swamp_mist_pool, grunt_megastairs_4
Lair:4:   minmay_hedge_maze, infiniplex_staircase_pool_2, grunt_megastairs_3,
          uniq_josephine
Lair:5:   minmay_slime_entry_pillars, grunt_megastairs_5, lemuel_fruit_fields,
          serial_bayou_shore_b, serial_bayou_shore_b
Lair:6:   hangedman_lair_caniforms_friends, hangedman_lair_in_review,
          lab_entry_generic, uniq_kirke
Swamp:1:  hangedman_swamp_ruin_wall
Swamp:2:  evilmike_swamp_ruin_rubble_1
Swamp:3:  evilmike_swamp_ruin_rubble_2, uniq_nikola
Swamp:4:  swamp_alternative, swamp_pool1
Snake:1:  basic_altar, special_room, spider_trap, uniq_azrael
Snake:2:  serial_bayou_lagoon_b, serial_bayou_shore_b
Snake:3:  minmay_shoptagon
Snake:4:  grunt_snake_rune_serpentine_throne
Orc:1:    basic_altar, uniq_maurice
Orc:2:    pf_orc_diabolical, serial_shops, shop
Vaults:1: nicolae_vaults_network_barrier, v_alt_pattern_4,
          hangedman_vaults_variations, vaults_room_ringed_pool,
          ontoclasm_vaults_chip, v_pattern_3, ontoclasm_vaults_twist,
          nicolae_vaults_little_squares_1, vaults_room_pool,
          nicolae_vaults_specimen_jars, vaults_room_pools, vaults_dpeg_hooks
Vaults:2: minmay_crypt_entry_simple_corners,
          nicolae_vaults_windows_and_doors_thing, v_misc_19, v_misc_9,
          ontoclasm_vaults_bender, nicolae_vaults_network_periphery,
          nicolae_vaults_three_branches
Vaults:3: v_misc_2, vaults_mumra_chevron, ontoclasm_vaults_spin,
          nicolae_vaults_inception_scallops, nicolae_vaults_triangles,
          nicolae_vaults_network_quinsquares, serial_ice_m, v_misc_5,
          vaults_mumra_hexcomb, ontoclasm_vaults_shout, nicolae_vaults_asterisk,
          serial_shops, nicolae_shop_waterfront, uniq_boris
Trove:    trove_library
Ossuary:  ossuary_minmay_scorpions

Skill      XL: |  1  2  3  4  5  6  7  8  9 10 11 12 13 14 15 16 17 18 19 20 |
---------------+-------------------------------------------------------------+-----
Fighting       | 1 2 3 4 5 6 7 8 10 11 13 14 15 16 17 | 17.4
Invocations    | 1 2 3 5 6 7 8 9 10 11 12 13 14 | 14.4
Maces & Flails | 2 5 7 9 11 12 14 16 | 16.0
Shields        | 2 4 5 6 7 8 9 |  9.6
Dodging        | 4 6 7 8 9 |  9.5
Armour         | 3 6 7 9 10 11 | 11.3
Evocations     | 3 6 7 |  7.0
Short Blades   | |  0.8
Stealth        | |  1.2

Action                   |  1- 3 |  4- 6 |  7- 9 | 10-12 | 13-15 | 16-18 | 19-21 || total
-------------------------+-------+-------+-------+-------+-------+-------+-------++-------
Melee: Short sword       |    95 |   236 |       |       |       |       |       ||   331
       Bite              |    25 |    65 |    86 |   300 |   711 |   524 |   385 ||  2096
       Whip              |       |       |   254 |   748 |  1473 |       |       ||  2475
       Shillelagh        |       |       |       |       |    17 |   121 |       ||   138
       Eveningstar       |       |       |       |       |       |  1302 |   845 ||  2147
Throw: Stone             |     3 |       |       |       |       |       |       ||     3
       Javelin           |       |       |     2 |     2 |     2 |       |       ||     6
Invok: Minor Destruction |       |    25 |     9 |       |     7 |       |       ||    41
       Lesser Servant of |       |       |       |     5 |     8 |       |       ||    13
       Greater Servant o |       |       |       |       |       |     1 |     1 ||     2
Evoke: Wand              |     2 |     6 |     2 |    13 |    22 |       |       ||    45
  Use: Potion            |     1 |       |       |     1 |       |     4 |     1 ||     7
       Scroll            |       |       |     1 |    21 |    12 |     9 |     7 ||    50
 Stab: Sleeping          |     3 |       |       |       |       |       |       ||     3
       Paralysed         |       |       |       |       |     4 |       |       ||     4
       Petrified         |       |       |       |       |     2 |     1 |       ||     3
       Distracted        |       |       |       |       |     1 |       |       ||     1
       Confused          |       |       |       |       |     1 |       |       ||     1
  Eat: Chunk             |     3 |     6 |     7 |    22 |    22 |    24 |     9 ||    93
       Ration            |       |       |       |       |     1 |     3 |     2 ||     6
Armor: Leather armour    |    15 |    44 |     2 |       |       |       |       ||    61
       Chain mail        |       |       |   127 |   197 |   256 |       |       ||   580
       Plate armour      |       |       |       |       |   227 |   545 |       ||   772
       Crystal plate arm |       |       |       |       |       |   247 |   603 ||   850
Dodge: Dodged            |    62 |   155 |    47 |   172 |   541 |   603 |   286 ||  1866
Block: Buckler           |       |       |    59 |   147 |   336 |       |       ||   542
       Shield            |       |       |       |       |    92 |   796 |   465 ||  1353
       Reflection        |       |       |       |       |    14 |    37 |    35 ||    86
       Rpst.: Whip       |       |       |       |    42 |   129 |       |       ||   171
       Shillelagh        |       |       |       |       |     1 |     9 |       ||    10
       Eveningstar       |       |       |       |       |       |   106 |    59 ||   165

Table legend:
 A = Spawn XP
 B = Non-spawn XP
 C = Spawn XP percentage of total XP
 D = Spawn monster count
 E = Non-spawn monster count
 F = Spawn count percentage of total count
 G = Total turns spent on level
                    A         B        C        D         E        F      G
               +---------+---------+-------+---------+---------+-------+---------
         Total |       0 |  438971 |   0.0 |       0 |    1312 |   0.0 | 32719
               +---------+---------+-------+---------+---------+-------+---------
           D:1 |       0 |      19 |   0.0 |       0 |      12 |   0.0 |  1094
           D:2 |       0 |     140 |   0.0 |       0 |      32 |   0.0 |   876
           D:3 |       0 |     129 |   0.0 |       0 |      25 |   0.0 |   773
           D:4 |       0 |     396 |   0.0 |       0 |      26 |   0.0 |  1368
           D:5 |       0 |     611 |   0.0 |       0 |      15 |   0.0 |   720
           D:6 |       0 |    1888 |   0.0 |       0 |      23 |   0.0 |   789
           D:7 |       0 |    1013 |   0.0 |       0 |      21 |   0.0 |  1006
           D:8 |       0 |    1884 |   0.0 |       0 |      36 |   0.0 |   760
           D:9 |       0 |     274 |   0.0 |       0 |       6 |   0.0 |   609
          D:10 |       0 |    2223 |   0.0 |       0 |      33 |   0.0 |   890
          D:11 |       0 |    4338 |   0.0 |       0 |      44 |   0.0 |   896
          D:12 |       0 |    4999 |   0.0 |       0 |      18 |   0.0 |   910
          D:13 |       0 |    8809 |   0.0 |       0 |      38 |   0.0 |  1005
          D:14 |       0 |   19040 |   0.0 |       0 |      47 |   0.0 |   926
          D:15 |       0 |   17643 |   0.0 |       0 |      40 |   0.0 |   891
        Lair:1 |       0 |    3548 |   0.0 |       0 |      15 |   0.0 |   830
        Lair:2 |       0 |    4023 |   0.0 |       0 |      30 |   0.0 |   932
        Lair:3 |       0 |    3528 |   0.0 |       0 |      18 |   0.0 |   935
        Lair:4 |       0 |    5529 |   0.0 |       0 |      20 |   0.0 |   835
        Lair:5 |       0 |   11682 |   0.0 |       0 |      40 |   0.0 |   831
        Lair:6 |       0 |   39213 |   0.0 |       0 |     131 |   0.0 |  1730
       Swamp:1 |       0 |   15074 |   0.0 |       0 |      37 |   0.0 |   951
       Swamp:2 |       0 |    8393 |   0.0 |       0 |      27 |   0.0 |   613
       Swamp:3 |       0 |   13014 |   0.0 |       0 |      31 |   0.0 |   794
       Swamp:4 |       0 |   31723 |   0.0 |       0 |      46 |   0.0 |   642
       Snake:1 |       0 |   14864 |   0.0 |       0 |      36 |   0.0 |   814
       Snake:2 |       0 |   28453 |   0.0 |       0 |      49 |   0.0 |  1147
       Snake:3 |       0 |   22599 |   0.0 |       0 |      34 |   0.0 |   844
       Snake:4 |       0 |   66700 |   0.0 |       0 |      92 |   0.0 |  1480
         Orc:1 |       0 |    2129 |   0.0 |       0 |      29 |   0.0 |   430
         Orc:2 |       0 |   17614 |   0.0 |       0 |      83 |   0.0 |  1782
      Vaults:1 |       0 |   38796 |   0.0 |       0 |      78 |   0.0 |  1434
      Vaults:2 |       0 |   34050 |   0.0 |       0 |      46 |   0.0 |  1642
      Vaults:3 |       0 |   13471 |   0.0 |       0 |      20 |   0.0 |   136
       Ossuary |       0 |    1162 |   0.0 |       0 |      34 |   0.0 |   299
               +---------+---------+-------+---------+---------+-------+---------
